 Dungeon Crawl Stone Soup version 0.29-a0-284-gf9362112df (webtiles) character file.

Game seed: 4873301564205980777

17547 enile the Protected (level 12, -5/110 HPs)
             Began as a Minotaur Fighter on Mar 26, 2022.
             Was an Elder of Lugonu.
             Slain by a +6 long sword (16 damage)
             ... on level 13 of the Dungeon.
             The game lasted 00:30:45 (16154 turns).

enile the Protected (Minotaur Fighter)             Turns: 16154, Time: 00:30:45

Health: -5/110     AC: 15    Str: 25    XL:     12   Next: 19%
Magic:  0/16       EV: 12    Int: 10    God:    Lugonu [****..]
Gold:   984        SH:  6    Dex: 17    Spells: 11/11 levels left

rFire   + . .      SeeInvis .   L - +1 broad axe (flame)
rCold   . . .      Faith    .   c - +0 buckler
rNeg    + . .      Spirit   +   R - +0 storm dragon scales of the Evening Star {rElec rF+ rN+ Int+5}
rPois   .          Reflect  .   (helmet restricted)
rElec   +          Harm     .   (no cloak)
rCorr   .          Rampage  .   (no gloves)
Will    .....                   (no boots)
Stlth   ..........              T - amulet of guardian spirit
HPRegen 0.28/turn               d - +6 ring of dexterity
MPRegen 0.15/turn               B - +4 ring of slaying

@: about to teleport
A: horns 2, retaliatory headbutt
a: Renounce Religion, Depart the Abyss, Bend Space, Banish, Corrupt


You were on level 13 of the Dungeon.
You worshipped Lugonu.
Lugonu was greatly pleased with you.
You visited 2 branches of the dungeon, and saw 14 of its levels.

You collected 1059 gold pieces.
You spent 75 gold pieces at shops.

Inventory:

Hand Weapons
 a - a +1 war axe
 h - a +0 long sword
 m - a +0 morningstar
 n - a +2 vorpal arbalest
 D - a +0 battleaxe
 J - a +1 morningstar of holy wrath
 L - a +1 broad axe of flaming (weapon)
 O - a +2 war axe
Missiles
 p - 25 poisoned darts (quivered)
Armour
 b - a +0 scale mail
 c - a +0 buckler (worn)
 f - the +1 robe of the Moon {Str+2}
   (You found it on level 4 of the Dungeon)

   Str:       It affects your strength (+2).
 x - a +1 chain mail
 y - +0 acid dragon scales
 P - a +0 plate armour
 R - the +0 storm dragon scales of the Evening Star (worn) {rElec rF+ rN+ Int+5}
   (You found it on level 8 of the Dungeon)

   Int:       It affects your intelligence (+5).
   rF:        It protects you from fire.
   rElec:     It insulates you from electricity.
   rN:        It protects you from negative energy.
 S - a +0 kite shield
Jewellery
 d - a +6 ring of dexterity (left hand)
 l - a +6 ring of intelligence
 B - a +4 ring of slaying (right hand)
 C - a ring of magical power
 H - a ring of protection from cold
 T - an amulet of guardian spirit (around neck)
 U - a ring of poison resistance
Wands
 s - a wand of acid (10)
 N - a wand of mindburst (1)
 V - a wand of paralysis (11)
Scrolls
 k - a scroll of silence
 t - a scroll of vulnerability
 A - 2 scrolls of immolation
 E - 3 scrolls of teleportation
 F - a scroll of fear
 G - 3 scrolls of noise
 K - a scroll of enchant armour
 M - a scroll of amnesia
 W - a scroll of torment
 X - a scroll of summoning
Potions
 e - a potion of curing
 g - a potion of degeneration
 i - a potion of ambrosia
 j - 3 potions of attraction
 o - 2 potions of flight {unknown}
 q - 3 potions of brilliance {unknown}
 r - 2 potions of heal wounds {unknown}
 u - 2 potions of resistance {unknown}
 w - a potion of magic {unknown}
 z - 2 potions of mutation {unknown}
 I - 2 potions of lignification {unknown}
 Q - a potion of cancellation


   Skills:
 - Level 11.0 Fighting
 - Level 7.0 Axes
 - Level 6.0 Throwing
 - Level 11.0 Armour
 - Level 7.0 Dodging
 - Level 3.0 Stealth
 - Level 5.0 Shields
 - Level 7.0 Invocations
 + Level 8.4 Evocations


You had 11 spell levels left.
You didn't know any spells.
Your spell library contained the following spells:

 Spells                   Type           Power      Damage    Failure   Level
 Sting                    Tmut/Pois      0%         1d3       93%         1
 Corpse Rot               Necr/Air       0%         N/A       98%         2
 Poisonous Vapours        Pois/Air       0%         N/A       98%         2
 Tukima's Dance           Hex            0%         N/A       100%        3
 Olgreb's Toxic Radiance  Pois           0%         N/A       100%        4
 Passage of Golubria      Tloc           0%         N/A       100%        4
 Yara's Violent Unravell  Hex/Tmut       0%         3d3       100%        5


Dungeon Overview and Level Annotations

Branches:
Dungeon (13/15)            Temple (1/1) D:7             Orc (0/2) D:12
   Lair: D:8-11      Vaults: D:13-14

Altars:
Vehumet
Beogh
Lugonu

Shops:
D:1 :   D:6 *   D:7 *

Annotations:
D:5 1 runed translucent door, Crazy Yiuf
D:7 exclusion: statue
D:9 1 runed translucent door diggy
D:10 1 runed translucent door, Patoropollo's ghost, novice MiFi
D:12 2 runed translucent doors
D:13 corrupted


Innate Abilities, Weirdness & Mutations

You have a pair of horns on your head.
You reflexively headbutt those who attack you in melee.


Message History

A purple ugly thing comes into view.
You hear the thunderous beating of a distant drum.
The purple ugly thing tail-slaps you but does no damage.
The purple ugly thing attacks as you move away!
The purple ugly thing tail-slaps you but does no damage.
The purple ugly thing attacks as you move away!
The purple ugly thing tail-slaps you but does no damage.
Press: ? - help, Shift-Dir - straight line, f - purple ugly thing
Aim: a purple ugly thing (chance to affect: 71%)
You fail to use your ability.
The purple ugly thing tail-slaps you.
Press: ? - help, Shift-Dir - straight line, f/p - purple ugly thing
Aim: a purple ugly thing (chance to affect: 71%)
The purple ugly thing is devoured by a tear in reality.
Lugonu claims a new guest.
A +6 long sword comes into view.
A +5 long sword comes into view.
Okay, then.
The +6 long sword closely misses you.
You hit the +6 long sword.
The +6 long sword is lightly damaged.
You slash the +5 long sword! You burn the +5 long sword.
The +6 long sword hits you but does no damage.
The +5 long sword hits you!
* * * LOW HITPOINT WARNING * * *
You block the +6 long sword's attack. The +5 long sword hits you.
* * * LOW HITPOINT WARNING * * *
The +6 long sword attacks as you move away!
The +6 long sword hits you!
* * * LOW HITPOINT WARNING * * *
Okay, then.
As you read the scroll of teleportation, it crumbles to dust.
You feel strangely unstable. The +6 long sword hits you!
* * * LOW HITPOINT WARNING * * *
The +6 long sword barely misses you.
The +5 long sword hits you but does no damage.
Okay, then.
You feel better. The +6 long sword hits you!
* * * LOW HITPOINT WARNING * * *
The +5 long sword hits you but does no damage.
The +6 long sword hits you!
You die...

#....# ####..^...........#####.#
###### #####..#..............#.#
#.$...##.................
#.######................. ####.##
#................. #<....#
#................. #####.....#
##.................
#..........####(..#..##.#........
..####.....##..(@................
.............#.>###...#........
####...........................
#.....##.....#[##..........S
#....[...#[........##.......
........#####.##.#....#.####..
.######## #...##.........#..##
#.#.#.......##.+....
##.........#...#.#.ยง.


You could see 2 dancing weapons.

Vanquished Creatures
  Jorgrun (D:12)
  A centaur warrior (D:13)
  3 two-headed ogres (D:10)
  A hydra (D:12)
  Maggie (D:6)
  A gargoyle (D:12)
  A kobold demonologist (D:10)
  A komodo dragon (D:11)
  Psyche (D:8)
  An unseen horror (D:12)
  4 yaktaurs (D:12)
  Grinder (D:3)
  A troll (D:9)
  Prince Ribbit (D:5)
  11 slime creatures
  2 shadows (D:10)
  2 wyverns
  3 wraiths
  5 yaks (D:10)
  A steam dragon (D:8)
  A black bear (D:7)
  An ice beast (D:7)
  3 orc warriors
  2 ogres (D:10)
  3 phantoms
  6 centaurs
  Blork the orc (D:5)
  3 kobold brigands
  A bullfrog (D:9)
  A necrophage (D:7)
  A gnoll sergeant (D:7)
  A scorpion (D:6)
  23 wights
  3 howler monkeys
  2 jellies
  5 hounds
  2 orc priests (D:4)
  Jessica (D:3)
  2 iguanas
  8 orc wizards
  3 gnolls
  6 adders
  2 shadow imps
  A white imp (D:6)
  4 worms
  4 dart slugs
  26 orcs
  10 ball pythons
  7 bats
  5 endoplasms
  2 giant cockroaches
  7 goblins
  10 hobgoblins
  10 jackals
  4 quokkas
  2 frilled lizards
  16 kobolds
  8 rats
240 creatures vanquished.

Vanquished Creatures (collateral kills)
  Lodul (D:10)
  Amaemon (D:10)
  An ugly thing (D:13)
  A vampire mosquito (D:6)
  2 ogres (D:10)
  4 lemures (D:6)
10 creatures vanquished.

Vanquished Creatures (others)
  A two-headed ogre (D:10)
  A death knight (D:13)
  A skeletal warrior (D:13)
  Pikel (D:6)
  An ugly thing (D:13)
  A freezing wraith (D:13)
  2 slime creatures (D:13)
  A troll (D:13)
  2 wraiths (D:13)
  A vampire mosquito (D:6)
  An orc priest (D:5)
  2 plants (D:3)
  4 starspawn tentacles (D:13)
19 creatures vanquished.

Grand Total: 269 creatures vanquished

Notes
Turn   | Place    | Note
-------+----------+-------------------------------------------
     0 | D:1      | enile the Minotaur Fighter began the quest for the Orb.
     0 | D:1      | Reached XP level 1. HP: 19/19 MP: 0/0
    90 | D:1      | Reached XP level 2. HP: 17/28 MP: 1/1
   397 | D:1      | Reached skill level 5 in Fighting
   536 | D:1      | Found Cimm's Book Boutique.
   574 | D:1      | Reached XP level 3. HP: 36/36 MP: 2/2
   656 | D:1      | Found a faded altar of an unknown god.
   779 | D:1      | Prayed at the altar of an unknown god.
   779 | D:1      | Became a worshipper of Lugonu the Unformed
   779 | D:1      | Reached * piety under Lugonu
   779 | D:1      | Reached ** piety under Lugonu
  1238 | D:2      | Reached XP level 4. HP: 30/44 MP: 3/3
  2382 | D:3      | Reached XP level 5. HP: 27/51 MP: 4/4
  2512 | D:3      | Reached *** piety under Lugonu
  2587 | D:3      | Noticed Jessica
  2604 | D:3      | Killed Jessica
  2688 | D:3      | Noticed a phantom
  2691 | D:3      | Killed a phantom
  2692 | D:3      | Reached skill level 5 in Shields
  2889 | D:3      | Noticed Grinder
  2895 | D:3      | Paralysed by Grinder for 7 turns
  2902 | D:3      | Killed Grinder
  2903 | D:3      | Reached skill level 1 in Invocations
  2903 | D:3      | Reached XP level 6. HP: 20/60 MP: 5/5
  3417 | D:4      | Identified the +1 robe of the Moon {Str+2}
  3598 | D:4      | Reached XP level 7. HP: 66/66 MP: 7/7
  4043 | D:5      | Entered Level 5 of the Dungeon
  4255 | D:5      | Noticed Blork the orc
  4258 | D:5      | Reached skill level 1 in Evocations
  4282 | D:5      | Killed Blork the orc
  4521 | D:5      | Noticed Prince Ribbit
  4534 | D:5      | Killed Prince Ribbit
  4535 | D:5      | Reached XP level 8. HP: 50/73 MP: 10/10
  4973 | D:5      | Found a runed translucent door.
  4974 | D:5      | Noticed Crazy Yiuf
  5294 | D:6      | Reached **** piety under Lugonu
  5295 | D:6      | Reached skill level 5 in Evocations
  5513 | D:6      | Noticed Maggie
  5527 | D:6      | Killed Maggie
  5627 | D:6      | Found Alonkuosh's Fire Supplies.
  5655 | D:6      | Noticed a boulder beetle
  6378 | D:6      | Noticed Pikel
  6391 | D:6      | Your ally Pikel died
  6392 | D:6      | Reached XP level 9. HP: 28/82 MP: 9/11
  6865 | D:7      | Found Quresuat's General Store.
  6871 | D:7      | Reached skill level 1 in Throwing
  7150 | D:7      | Bought a scroll of blinking for 75 gold pieces
  7334 | D:7      | Found a staircase to the Ecumenical Temple.
  7364 | D:7      | Reached skill level 5 in Throwing
  7777 | D:7      | Found a radiant altar of Vehumet.
  8324 | Temple   | Entered the Ecumenical Temple
  8666 | D:8      | Identified the +0 storm dragon scales of the Evening Star
                  | {rElec rF+ rN+ Int+5}
  8682 | D:8      | Reached skill level 10 in Armour
  8994 | D:8      | Noticed Psyche
  9037 | D:8      | Killed Psyche
  9038 | D:8      | Reached XP level 10. HP: 25/91 MP: 8/12
 10795 | D:9      | Found a runed translucent door.
 10799 | D:9      | Noticed a two-headed ogre
 10803 | D:9      | Noticed a deep elf pyromancer
 10925 | D:9      | Reached ***** piety under Lugonu
 11136 | D:9      | Reached skill level 5 in Axes
 11533 | D:10     | Entered Level 10 of the Dungeon
 11585 | D:10     | Reached skill level 10 in Fighting
 11774 | D:10     | Noticed Patoropollo's ghost (novice MiFi)
 11961 | D:10     | Found a runed translucent door.
 12084 | D:10     | Reached skill level 1 in Dodging
 12534 | D:11     | Noticed Amaemon
 12534 | D:11     | Noticed an orange demon
 12534 | D:11     | Noticed Lodul
 12534 | D:11     | Noticed a two-headed ogre
 12534 | D:11     | Noticed a two-headed ogre
 12534 | D:11     | Noticed a two-headed ogre
 12546 | D:10     | Killed Amaemon
 12560 | D:10     | Killed a two-headed ogre
 12561 | D:10     | Reached XP level 11. HP: 69/102 MP: 10/13
 12781 | D:10     | Killed Lodul
 12782 | D:10     | Reached skill level 5 in Dodging
 13023 | D:11     | Noticed a two-headed ogre
 13031 | D:10     | Killed a two-headed ogre
 13158 | D:10     | Killed a two-headed ogre
 13159 | D:10     | Reached skill level 1 in Stealth
 13613 | D:11     | Noticed a two-headed ogre
 14721 | D:12     | Noticed a six-headed hydra
 14728 | D:12     | Killed a five-headed hydra
 14790 | D:12     | Found a runed translucent door.
 14793 | D:12     | Noticed a balrug
 14869 | D:12     | Noticed Jorgrun
 14888 | D:12     | HP: 5/102 [constriction (11)]
 14891 | D:12     | Killed Jorgrun
 14892 | D:12     | Reached skill level 5 in Invocations
 15292 | D:12     | Found a staircase to the Orcish Mines.
 15438 | D:12     | Found a runed translucent door.
 15717 | D:12     | Noticed a skeletal warrior
 15717 | D:12     | Noticed an orc knight
 15718 | D:12     | Noticed a deep troll earth mage
 15749 | D:13     | Reached XP level 12. HP: 60/110 MP: 9/15
 15750 | D:13     | Noticed a death knight
 15959 | D:13     | Corrupted D:13
 15959 | D:13     | Noticed a starcursed mass
 15959 | D:13     | Noticed a tentacled starspawn
 15972 | D:13     | Killed a death knight
 16077 | D:13     | Noticed a centaur warrior
 16096 | D:13     | Killed a centaur warrior
 16154 | D:13     | Slain by a +6 long sword

Illustrated notes

Levels and vault maps discovered:
D:1:      minmay_arrival_stair_chambers, layout_rooms,
          hellmonk_ecumenical_altar_lost_god, serial_shops, shop
D:2:      layout_basic
D:3:      corexii_shack_village, layout_loops_cross, uniq_jessica, uniq_grinder
D:4:      layout_rooms, kennysheep_orc_chapel
D:5:      layout_basic, uniq_crazy_yiuf_cottage, uniq_blork_the_orc,
          uniq_prince_ribbit1
D:6:      layout_basic, chequers_decorated_corner, minmay_misc_feat_roman,
          nicolae_shop_fire_sale [nicolae_sub_dead_trees], corexii_shack,
          kennysheep_opposing_triangles, uniq_maggie, uniq_pikel
D:7:      layout_loops_ring, vehumet_statue,
          minmay_temple_entry_drinking_statues, serial_shops,
          nicolae_diamond_shop
D:8:      layout_layer_cave, uniq_psyche
D:9:      layout_loops_cross, minivault_21, minmay_st_funbox
D:10:     layout_irregular_city, hellmonk_ghost_happy_afterlife
D:11:     layout_loops_cross, grunt_lair_entry_orc_guard_hut, uniq_maurice,
          uniq_amaemon, uniq_lodul, uniq_josephine
D:12:     dreamdust_dug_too_deep, layout_irregular_city, orc_0_dummy,
          wad_hexagon, uniq_jorgrun
D:13:     layout_rooms, erik_vaults_1, gauntlet_entry_generic
Temple:   mainiacjoe_temple_hex_bubbles

Skill      XL: |  1  2  3  4  5  6  7  8  9 10 11 12 |
---------------+-------------------------------------+-----
Fighting       | 4 5 6 7 8 9 11 | 11.0
Shields        | 5 |  5.0
Armour         | 6 8 10 11 | 11.0
Invocations    | 1 2 4 5 7 |  7.0
Evocations     | 3 5 8 |  8.4
Throwing       | 6 |  6.0
Axes           | 7 |  7.0
Dodging        | 4 7 |  7.0
Stealth        | 3 |  3.0

Action                   |  1- 3 |  4- 6 |  7- 9 | 10-12 || total
-------------------------+-------+-------+-------+-------++-------
Melee: War axe           |    84 |   101 |   113 |       ||   298
       Headbutt          |    10 |    12 |    45 |    56 ||   123
       Battleaxe         |       |       |    44 |       ||    44
       Broad axe         |       |       |    40 |   220 ||   260
Throw: Dart              |       |     5 |    46 |    25 ||    76
       Throwing net      |       |       |     2 |     2 ||     4
Invok: Bend Space        |       |       |     5 |     5 ||    10
       Banish            |       |       |       |     3 ||     3
       Corrupt           |       |       |       |     1 ||     1
Evoke: Wand              |       |       |     6 |    15 ||    21
  Use: Scroll            |       |     5 |    11 |    10 ||    26
       Potion            |       |     1 |     3 |     3 ||     7
 Stab: Paralysed         |       |       |       |     1 ||     1
Armor: Scale mail        |    46 |    40 |     2 |       ||    88
       Chain mail        |       |       |    76 |       ||    76
       Plate armour      |       |       |    33 |       ||    33
       Storm dragon scal |       |       |    28 |   130 ||   158
Dodge: Dodged            |    53 |    52 |   120 |    91 ||   316
Block: Buckler           |    18 |    19 |    60 |    65 ||   162

Table legend: (Time is in decaauts)
 A = Elapsed time spent in this place.
 B = Non-inter-level travel time spent in this place.
 C = Inter-level travel time spent in this place.
 D = Time resting spent in this place.
 E = Time spent auto-exploring this place.
 F = Levels seen in this place.
 G = Mean time per level.
                   A        B        C        D        E       F      G
               +--------+--------+--------+--------+--------+-----+--------+
         Total |  16414 |  15798 |    616 |   2282 |  11080 |  14 | 1172.4 |
       Dungeon |  16412 |  15796 |    616 |   2282 |  11080 |  13 | 1262.5 |
        Temple |      1 |      1 |      0 |      0 |      0 |   1 |    1.0 |
               +--------+--------+--------+--------+--------+-----+--------+

Top non-repeatable levels by time:
    D:12: 2317 daAuts
    D:10: 1933 daAuts
     D:8: 1899 daAuts
     D:7: 1840 daAuts
     D:3: 1404 daAuts
     D:6: 1375 daAuts
     D:9: 1291 daAuts
     D:2: 1213 daAuts
     D:5: 1209 daAuts
     D:1: 860 daAuts
     D:4: 649 daAuts
    D:13: 239 daAuts
    D:11: 177 daAuts
  Temple: 1 daAuts
